AoeStats
← |GaoeG| flamingo

Arena

509354683Analyzed
2v2 RM · 5d ago on Sep 26, 2026· 43m 37s· 4 players
Game mode
Random Map
Map size
Medium (4 player)
Population
200
Speed
Normal
Resources
Standard
Victory
Conquest
Starting age
Dark Age
Ending age
Imperial Age
RankedLock teamsTeams togetherTeam positionsShared explorationLock speedFull tech treeHidden civsTurbo modeCheats
Victory
Defeat
🇪🇸 Britons · Spain
1358
+15
🇪🇸 Spanish · Spain
1261
+19
🇫🇷 Byzantines · France
1413
-19
🇲🇽 Italians · Mexico
1270
-15
|GaoeG| flamingo
10:57 Feudal Age
14:38 Castle Age
13:13 Double-Bit Axe
13:10 Horse Collar
16:20 Bow Saw
19:24 Heavy Plow
20:46 Padded Archer Armor
30:52 Imperial Age
28:38 Gold Mining
30:59 Wheelbarrow
30:10 Loom
31:29 Fletching
31:57 Leather Archer Armor
31:12 Elite Skirmisher
31:58 Thumb Ring
33:37 Chemistry
33:07 Ballistics
32:46 Bodkin Arrow
33:50 Bloodlines
33:41 Husbandry
34:14 Ring Archer Armor
34:38 Bracer
34:26 Cavalier
36:47 Paladin
38:39 Scale Barding Armor
38:45 Forging
40:26 Chain Barding Armor
41:28 Iron Casting
41:48 Plate Barding Armor
42:05 Conscription
JITANOmaleant7
10:44 Feudal Age
11:28 Loom
14:30 Castle Age
12:54 Double-Bit Axe
12:51 Horse Collar
15:16 Wheelbarrow
15:47 Bow Saw
15:41 Heavy Plow
19:34 Gold Mining
19:57 Stone Mining
21:16 Fletching
22:19 Bodkin Arrow
24:51 Gold Shaft Mining
28:42 Imperial Age
26:30 Hand Cart
28:08 Ballistics
27:49 Padded Archer Armor
28:44 Yeomen
29:27 Leather Archer Armor
30:25 Chemistry
29:06 Elite Longbowman
30:49 Bracer
31:57 Ring Archer Armor
32:19 Conscription
33:20 Siege Engineers
37:20 Murder Holes
37:37 Masonry
42:56 Architecture
FLEJEUNE
10:02 Feudal Age
14:09 Castle Age
13:06 Double-Bit Axe
13:03 Horse Collar
17:19 Loom
18:54 Loom
24:51 Stone Mining
25:35 Fletching
28:20 Bodkin Arrow
28:26 Padded Archer Armor
31:17 Imperial Age
29:05 Bow Saw
29:07 Elite Skirmisher
30:41 Leather Archer Armor
31:29 Ballistics
32:40 Heavy Plow
32:42 Bracer
34:54 Chemistry
34:31 Thumb Ring
38:25 Ring Archer Armor
39:44 Guilds
43:20 Wheelbarrow
andres
10:43 Feudal Age
14:37 Castle Age
13:07 Double-Bit Axe
13:50 Horse Collar
19:23 Fletching
19:37 Loom
22:15 Bow Saw
27:30 Imperial Age
25:55 Bodkin Arrow
26:00 Padded Archer Armor
27:26 Gold Mining
27:27 Stone Mining
28:14 Wheelbarrow
28:10 Ballistics
28:14 Leather Archer Armor
29:39 Chemistry
28:36 Town Watch
29:54 Conscription
30:02 Bracer
31:27 Hand Cart
32:02 Squires
32:34 Ring Archer Armor
32:05 Scale Mail Armor
32:15 Forging
34:21 Pirotechnia
34:03 Arson
38:00 Chain Mail Armor
41:16 Plate Mail Armor
40:56 Forging
43:37 Stone Shaft Mining
Connection lost

Rejoining the realm…

Still unreachable

The connection could not be restored.

Session expired

The server has moved on; the page needs a fresh start.